[Event "Slovakian-ch Youth 2022"]
[Site "Lubovna"]
[Date "2022.05.24"]
[Round "5.1"]
[White "Turcan, Richard"]
[Black "Bochnicka, Vladimir"]
[Result "1-0"]
[ECO "A01"]
[WhiteElo "2278"]
[BlackElo "2267"]
[Annotator "TA"]
[PlyCount "71"]
[EventDate "2022.05.22"]
[EventCountry "SVK"]
[SourceTitle "playchess.com"]
[Source "ChessBase"]
[SourceQuality "1"]
[TimeControl "40/5400+30:1800+30"]

1. b3 e5 2. Bb2 Nc6 3. e3 Nf6 4. Bb5 Bd6 5. Na3 Be7 6. Nc4 {[%emt 0:01:59] A01: Nimzowitsch-Larsen Opening.} e4 7. f4 (7. Bxc6 $11 {keeps the balance.} bxc6 8. Ne2) 7... O-O {[%emt 0:05:14] [#]} (7... Nb4 $17 {White must now prevent ...a6.} 8. Na3 a6) 8. Ne5 $146 {[%emt 0:04:56] Black is slightly better.} ({Predecessor:} 8. Bxc6 bxc6 9. Ne2 a5 10. O-O a4 11. Ng3 c5 12. Nf5 d5 13. Nxe7+ Qxe7 14. Ne5 {½-½ (41) Ott,P (2171)-Janisch,M (2376) ICCF email 2015}) 8... Nxe5 9. fxe5 Ne8 10. Nh3 d6 11. Nf4 ({Better is} 11. Nf2 $15) 11... dxe5 $1 $17 12. Bxe5 g5 $1 13. Bxe8 gxf4 (13... Rxe8 14. Nh5 $11) 14. Ba4 Qd5 $2 (14... b5 $1 $19 {...fxe3 is the strong threat.} 15. Bxb5 Qd5 16. Bxf4 Qxb5) 15. Bxf4 $11 Bh4+ (15... b5 16. c4 bxc4 17. Rc1 $16) 16. g3 Bf6 17. O-O (17. Bxc7 $2 b5 18. c4 Qc5 19. Bxb5 Qxc7 $19) 17... Rd8 $2 (17... Bh3 $11 {and Black is okay.} 18. Rf2 Bxa1 19. Qxa1 Qh5) 18. Bxc7 $18 Bxa1 19. Qxa1 Bh3 20. Qf6 $1 ({And not} 20. Bxd8 Bxf1 21. Bc7 (21. Qxf1 Rxd8 22. Bb5 Qxd2 $17) 21... Bh3 $11) 20... Re8 21. Bxe8 Rxe8 22. Rf4 Qh5 {[%emt 0:01:32] [#] Prevents g4.} 23. g4 (23. Kf2 $1 $18 {and the rest is easy.}) 23... Bxg4 $16 24. h4 {[%emt 0:05:59] White is more active.} Bf3 25. Kf2 $40 {[%emt 0:03:26][%mdl 128] Threatens to win with Rf5. White wants a kill.} Bd1 $2 (25... Qg6 $16 26. Qxg6+ hxg6) 26. Rf5 $18 {[%emt 0:02:15] The board is on fire.} Qe2+ 27. Kg1 Qg4+ 28. Kh2 Qe2+ 29. Rf2 Qh5 30. Rg2+ Bg4 31. Bd6 {[%emt 0:01:20][%cal Bc7d6,Bd6b4,Bb4c3][%mdl 32] Strongly threatening Bb4.} h6 32. Bb4 Re6 33. Qd8+ Kh7 34. Bc3 {[%emt 0:00:34] Against Qe5+. Threatening mate with Qh8+.} Re8 {[%emt 0:00:09] Prevents Qh8+.} (34... f6 35. Qc7+ Kg8) 35. Qf6 ({Stronger than} 35. Qxe8 Qxh4+ 36. Kg1 Qe1+ 37. Kh2 Qh4+ 38. Kg1 Qe1+ 39. Kh2 Qh4+ $11) 35... Rg8 {[%emt 0:00:09] [#] Against Qg7+} 36. Rxg4 $1 {[%emt 0:00:41][%mdl 512] Weighted Error Value: White=0.21 (precise) /Black=0.38} 1-0

[Event "Slovakian-ch Youth 2022"]
[Site "Lubovna"]
[Date "2022.05.24"]
[Round "5.1"]
[White "Elias, David"]
[Black "Gay, Lukas"]
[Result "1-0"]
[ECO "B01"]
[WhiteElo "1901"]
[BlackElo "1480"]
[Annotator "TA"]
[PlyCount "91"]
[EventDate "2022.05.22"]
[EventCountry "SVK"]
[SourceTitle "playchess.com"]
[Source "ChessBase"]
[SourceQuality "1"]
[TimeControl "40/5400+30:1800+30"]

1. e4 d5 2. exd5 Qxd5 3. Nc3 Qd6 4. d4 Nf6 5. g3 g6 6. Bg2 {[%emt 0:00:07] B01: Scandinavian Defence.} Bg7 7. Nge2 O-O 8. O-O {[%emt 0:00:07] [#] White is slightly better.} Nc6 $146 ({Predecessor:} 8... c6 9. Bf4 Qd8 10. Qd2 Bf5 11. Rfe1 Nbd7 12. Rad1 Nb6 13. h3 h5 14. Qc1 Qd7 {½-½ (136) Miranda Mesa,E (2436)-Cordova,E (2629) Monterrey 2015}) 9. Bf4 Qd7 10. Qd2 (10. d5 $5 Nd8 11. Nd4 $16) 10... Nh5 11. Rad1 Nxf4 12. Qxf4 Qd6 13. Qe3 a6 14. Ne4 Qb4 15. b3 Rd8 16. c3 Qb6 17. Nc5 e6 18. Rfe1 Ne7 19. Qf3 Rb8 20. Nf4 Nd5 (20... Bd7 $11) 21. Ne4 $16 Nxf4 22. Qxf4 Bd7 23. Nf6+ ({Much weaker is} 23. Ng5 Be8 $11) 23... Bxf6 24. Qxf6 Bc6 25. Bh3 ({White should try} 25. d5 $1 $14 exd5 26. Re7) 25... Re8 (25... Qa5 $11 {should be considered.}) 26. Re5 $14 Rbd8 27. Rxe6 Rxe6 (27... fxe6 $2 28. Bxe6+ Rxe6 29. Qxe6+ Kf8 30. Qf6+ Ke8 31. Re1+ Be4 32. Qg7 $18) (27... Qa5 $16 {was called for.}) 28. Bxe6 $18 ({Resist} 28. Qxd8+ $6 Re8 29. Qg5 (29. Qf6 Qb5 $11) 29... Bf3 $14) 28... Rf8 {[%emt 0:00:33][%cal Oc6d7] [#] White must now prevent ...Bd7!} 29. Bc4 $40 {[%emt 0:01:05][%mdl 128] White is out for blood.} Qa5 30. d5 Bb5 31. b4 {[%emt 0:01:24] 0x0.001b5aaecab9dp-1022s more active pieces.} Qa4 {[%emt 0:00:28][%mdl 8192] This move loses the game for Black.} (31... Qa3 $16 32. Bxb5 axb5) 32. Bb3 Qa3 33. h4 Ba4 34. h5 gxh5 35. Qg5+ Kh8 36. Qxh5 $2 (36. Re1 Bxb3 37. axb3) 36... Bxb3 37. axb3 Qxb3 {[%emt 0:00:10][%mdl 4096] Endgame KQR-KQR} 38. Qf3 Kg7 39. Kg2 {[%emt 0:00:58] [#] aiming for Rd4.} b6 $2 (39... f5 40. Rd4 (40. d6 cxd6 41. Rxd6 Qf7 $16) 40... Rf7) 40. d6 cxd6 41. Rxd6 Rb8 $2 (41... Re8 42. Qg4+ Kf8) 42. Qf6+ Kg8 43. Qg5+ Kh8 44. Qe5+ {[%emt 0:00:22] White mates.} Kg8 45. Rd4 Rb7 46. Rd8# {[%emt 0:00:15] Weighted Error Value: White=0.31/Black=0.42} 1-0

[Event "Slovakian-ch Youth 2022"]
[Site "Lubovna"]
[Date "2022.05.24"]
[Round "5.1"]
[White "Kampe, Thomas Andre Ankil"]
[Black "Horny, Michal"]
[Result "1/2-1/2"]
[ECO "B32"]
[WhiteElo "1693"]
[BlackElo "1109"]
[Annotator "NA RC COMBH"]
[PlyCount "23"]
[EventDate "2022.05.22"]
[EventCountry "SVK"]
[SourceTitle "playchess.com"]
[Source "ChessBase"]
[SourceQuality "1"]
[TimeControl "40/5400+30:1800+30"]

1. e4 c5 2. Nf3 Nc6 3. d4 cxd4 4. Nxd4 e5 5. Nb5 a6 6. Nd6+ Bxd6 7. Qxd6 Qf6 8. Qc7 Qd8 9. Qd6 Qf6 10. Qc7 d6 11. Nc3 Qe7 12. Nd5 1/2-1/2

[Event "Slovakian-ch Youth 2022"]
[Site "Lubovna"]
[Date "2022.05.24"]
[Round "5.1"]
[White "Matejka, Simon"]
[Black "Pisarcik, Richard"]
[Result "1/2-1/2"]
[ECO "C50"]
[WhiteElo "1235"]
[BlackElo "1343"]
[Annotator "NA RC COMBH"]
[PlyCount "53"]
[EventDate "2022.05.22"]
[EventCountry "SVK"]
[SourceTitle "playchess.com"]
[Source "ChessBase"]
[SourceQuality "1"]
[TimeControl "40/5400+30:1800+30"]

1. e4 e5 2. Nf3 Nc6 3. Bc4 Bc5 4. O-O d6 5. d3 Bg4 6. c3 Nf6 7. Qb3 Bxf3 8. Bxf7+ Kf8 9. gxf3 Rb8 10. Be6 h6 11. Be3 Bxe3 12. fxe3 Nh5 13. f4 exf4 14. exf4 Qh4 15. Bd7 Nxf4 16. Rxf4+ Qxf4 17. Bxc6 Qe3+ 18. Kg2 Qe2+ 19. Kg1 Ke7 20. Bd5 Rhf8 21. Na3 Rf2 22. e5 Rxh2 23. exd6+ cxd6 24. Rf1 b5 25. Rf7+ Kd8 26. Rf8+ Ke7 27. Rf7+ 1/2-1/2

[Event "Slovakian-ch Youth 2022"]
[Site "Lubovna"]
[Date "2022.05.24"]
[Round "5.2"]
[White "Brnusak, Tomas"]
[Black "Zetocha, Adrian"]
[Result "1/2-1/2"]
[ECO "B12"]
[WhiteElo "2212"]
[BlackElo "2331"]
[Annotator "TA"]
[PlyCount "56"]
[EventDate "2022.05.22"]
[EventCountry "SVK"]
[SourceTitle "playchess.com"]
[Source "ChessBase"]
[SourceQuality "1"]
[TimeControl "40/5400+30:1800+30"]

1. e4 c6 2. d4 d5 3. e5 Bf5 4. h4 h5 5. c4 e6 6. Nc3 dxc4 7. Bxc4 Be7 8. Be3 {[%emt 0:11:02] B12: Caro-Kann: Advance Variation.} Nh6 9. g3 (9. Qxh5 $2 Bg4 10. Qg5 Bxg5 $19) 9... Nd7 {[%emt 0:04:09] [#]} 10. Be2 $146 (10. Qxh5 $2 Bg4 11. Qg5 Bxg5 $19) ({Predecessor:} 10. f3 Nb6 11. Bb3 Qd7 12. Nge2 O-O-O 13. Qc1 Kb8 14. O-O Nd5 15. Bxd5 exd5 16. Qd2 {0-1 (43) Jablecnik,G (2092)-Vodak,R (2029) Czech Republic 2019}) 10... Ng4 11. Bf4 c5 (11... Qb6 $15 {deserves consideration.} 12. Qd2 O-O-O) 12. f3 $11 Nh6 (12... Qb6 {is interesting.} 13. Bb5 cxd4 14. Bxd7+ Kf8) 13. d5 exd5 14. Qxd5 Qb6 15. O-O-O O-O-O 16. Qc4 Qe6 {[%emt 0:01:51] [#]} (16... Be6 $11 {keeps the balance.} 17. Nd5 Bxd5 18. Rxd5 (18. Qxd5 f6 $11) 18... f6) 17. Nb5 (17. Qa4 $1 $16 {Black must now prevent Bc4.} Nb8 18. Qxa7) 17... a6 18. Nd6+ Bxd6 19. Rxd6 Qxc4+ 20. Bxc4 {[%emt 0:00:01] White wants to play e6.} Rhe8 {[%emt 0:04:50] Inhibits e6.} (20... b5 $11 21. Bf1 (21. Bd5 Nxe5 22. Bxe5 Rxd6 $11) 21... Kb7) 21. Bg5 {[%emt 0:09:28] White is more active.} (21. e6 $1 $16 {[%cal Od6c6] Threatening mate with Rc6+!} Rxe6 22. Bxe6 Bxe6 23. Bxh6 gxh6 24. Ne2) 21... f6 (21... Nxe5 22. Rxd8+ Rxd8 23. Bxd8 $16) 22. exf6 ({But not} 22. Bxh6 Nxe5 23. Rxd8+ Rxd8 24. Bxg7 Nxc4 $17) 22... Nxf6 23. Rxd8+ Kxd8 24. Nh3 b5 {[%emt 0:00:51] [#] And now ...Bxh3 would win.} 25. Nf4 {[%emt 0:03:27][%cal Of4h5] Threatens to win with Nxh5!} bxc4 26. Nxh5 $1 Nhg8 $2 (26... Re2 $1 $11) 27. Nxg7 $18 Re5 28. g4 $2 ({White must play} 28. f4 $18 Rd5 29. Nxf5) 28... Bd3 {[%emt 0:00:26] Weighted Error Value: White=0.32/Black=0.33} 1/2-1/2

[Event "Slovakian-ch Youth 2022"]
[Site "Lubovna"]
[Date "2022.05.24"]
[Round "5.2"]
[White "Benci, Jozef"]
[Black "Oruzinsky, Juraj"]
[Result "0-1"]
[ECO "C77"]
[WhiteElo "1873"]
[BlackElo "1656"]
[Annotator "NA RC COMBH"]
[PlyCount "70"]
[EventDate "2022.05.22"]
[EventCountry "SVK"]
[SourceTitle "playchess.com"]
[Source "ChessBase"]
[SourceQuality "1"]
[TimeControl "40/5400+30:1800+30"]

1. e4 e5 2. Nf3 Nc6 3. Bb5 a6 4. Ba4 Nf6 5. d3 b5 6. Bb3 d6 7. c3 Be7 8. O-O O-O 9. Nbd2 Bg4 10. h3 Bd7 11. Re1 Rb8 12. Nf1 b4 13. Ng3 bxc3 14. bxc3 h6 15. Nh2 Nh7 16. Nf3 Ng5 17. Be3 Bf6 18. Ba4 Nxf3+ 19. Qxf3 Bg5 20. Nf5 Bxe3 21. Nxe3 Ne7 22. Bxd7 Qxd7 23. Qg3 f5 24. Nxf5 Nxf5 25. exf5 Qxf5 26. Rab1 Qf7 27. Qe3 Rxb1 28. Rxb1 Qxa2 29. Rc1 Qb2 30. d4 Rxf2 31. Re1 Rxg2+ 32. Kf1 Rg6 33. Re2 Qb1+ 34. Re1 Qf5+ 35. Ke2 Qc2+ 0-1

[Event "Slovakian-ch Youth 2022"]
[Site "Lubovna"]
[Date "2022.05.24"]
[Round "5.2"]
[White "Mazak, Ryan"]
[Black "Muller, Tomas"]
[Result "1-0"]
[ECO "C00"]
[WhiteElo "1575"]
[BlackElo "1240"]
[Annotator "NA RC COMBH"]
[PlyCount "107"]
[EventDate "2022.05.22"]
[EventCountry "SVK"]
[SourceTitle "playchess.com"]
[Source "ChessBase"]
[SourceQuality "1"]
[TimeControl "40/5400+30:1800+30"]

1. e4 e6 2. b3 d5 3. Bb2 Be7 4. Bxg7 Bf6 5. Bxh8 Bxh8 6. c3 Bd7 7. exd5 exd5 8. d4 Nc6 9. Nf3 Qe7+ 10. Qe2 Qxe2+ 11. Bxe2 Nge7 12. O-O O-O-O 13. Nbd2 Rg8 14. Kh1 Bf6 15. Rad1 Kb8 16. Rfe1 a6 17. Nf1 Be6 18. Ne3 Rd8 19. Nc2 Rd6 20. Bf1 Bf5 21. Bd3 Bxd3 22. Rxd3 Nd8 23. Rde3 Ne6 24. Ne5 Bxe5 25. Rxe5 Rd8 26. g3 Kc8 27. f4 Kd7 28. f5 Rf8 29. fxe6+ fxe6 30. Rxe6 Rf7 31. Rxe7+ Rxe7 32. Rxe7+ Kxe7 33. Kg2 Kf6 34. Kf3 Kf5 35. Ne3+ Ke6 36. Kf4 c6 37. g4 Kf6 38. h4 h6 39. g5+ hxg5+ 40. hxg5+ Kg6 41. c4 dxc4 42. bxc4 b6 43. d5 cxd5 44. cxd5 Kf7 45. d6 Ke6 46. g6 Kxd6 47. g7 Ke7 48. g8=Q Kd6 49. Nf5+ Kd7 50. Ke5 Kc6 51. Qd5+ Kc7 52. Qd6+ Kb7 53. Qd7+ Kb8 54. Nd6 1-0

[Event "Slovakian-ch Youth 2022"]
[Site "Lubovna"]
[Date "2022.05.24"]
[Round "5.3"]
[White "Durana, Jonas"]
[Black "Magda, Filip"]
[Result "1-0"]
[ECO "B24"]
[WhiteElo "1644"]
[BlackElo "1624"]
[Annotator "NA COMBH"]
[PlyCount "101"]
[EventDate "2022.05.22"]
[EventCountry "SVK"]
[SourceTitle "playchess.com"]
[Source "ChessBase"]
[SourceQuality "1"]
[TimeControl "40/5400+30:1800+30"]

1. e4 c5 2. Nc3 Nc6 3. Bb5 d6 4. Nf3 Bd7 5. d4 cxd4 6. Nxd4 Nf6 7. O-O g6 8. Be3 Bg7 9. Re1 O-O 10. h3 a6 11. Nxc6 bxc6 12. Bc4 Qc8 13. Qd2 Rb8 14. Rab1 c5 15. Bh6 Bc6 16. Bxg7 Kxg7 17. Qd3 Rb6 18. a4 a5 19. b3 Rd8 20. Nd5 Bxd5 21. exd5 Qb7 22. Re2 Rd7 23. Bb5 Rc7 24. Bc6 Qa7 25. Bb5 Nh5 26. g3 Kg8 27. Rbe1 Ng7 28. g4 e6 29. c4 e5 30. f4 f6 31. fxe5 fxe5 32. Rf1 Rf7 33. Rxf7 Qxf7 34. Rf2 Qe7 35. Qf3 Ne8 36. Kf1 h6 37. Ke1 g5 38. Kd1 Rb7 39. Kc2 Qf7 40. Bxe8 Qxe8 41. Qf6 Qe7 42. Qg6+ Kh8 43. Rf6 Qg7 44. Rxd6 Qxg6+ 45. Rxg6 Kh7 46. Re6 Kg7 47. Rxe5 Rf7 48. d6 Kf6 49. Rxc5 Ke6 50. Rxa5 Kxd6 51. Ra6+ 1-0

[Event "Slovakian-ch Youth 2022"]
[Site "Lubovna"]
[Date "2022.05.24"]
[Round "5.4"]
[White "Gyerpal, Adrian"]
[Black "Stevik, Patrik"]
[Result "1/2-1/2"]
[ECO "E71"]
[WhiteElo "2171"]
[BlackElo "2249"]
[Annotator "TA"]
[PlyCount "123"]
[EventDate "2022.05.22"]
[EventCountry "SVK"]
[SourceTitle "playchess.com"]
[Source "ChessBase"]
[SourceQuality "1"]
[TimeControl "40/5400+30:1800+30"]

1. e4 g6 2. d4 Bg7 3. c4 d6 4. Nc3 Nf6 5. h3 O-O 6. Be3 a6 {[%emt 0:00:40] E71: King's Indian: 4 e4 d6 5 h3.} 7. Nf3 c5 (7... Nfd7 $14) 8. dxc5 $16 Qa5 {[%emt 0:01:10][%csl LRc5,LRe4] Strongly threatening ...Nxe4. White is better.} 9. Nd2 {[%emt 0:01:02] [#]} ({Don't play} 9. cxd6 $6 Nxe4 10. dxe7 Re8 $15) 9... Qb4 $146 ({Black should try} 9... dxc5 10. e5 Nfd7) ({Predecessor:} 9... dxc5 10. Nb3 Qc7 11. Nxc5 Rd8 12. Qc2 b6 13. Nb3 Be6 14. Nd4 Bxc4 15. Na4 b5 16. Bxc4 Qa5+ 17. Nc3 {½-½ (17) Olsen,F (2193)-Ramsdal,J (2175) Odense 2016}) 10. cxd6 Qxb2 11. Na4 Qe5 12. f4 Qxd6 13. e5 (13. Nb6 $18 {is the precise move to win.}) 13... Qa3 14. Qb3 Qxb3 15. axb3 {[%emt 0:02:47] Nb6 is the strong threat.} Nfd7 16. c5 Nc6 17. Nc4 Rd8 18. O-O-O f6 $2 {[%emt 0:04:18] [#]} (18... Nf8 $16) 19. exf6 (19. e6 $1 $18 {and the rest is easy.}) 19... Nxf6 20. Rxd8+ Nxd8 21. Nab6 Rb8 22. Nxc8 Rxc8 23. Nb6 {[%emt 0:00:09] Prevents Nd5.} Rc7 24. Bc4+ Kf8 25. Rd1 Ke8 26. b4 {[%emt 0:02:21] 0x0.000842f4d6c1dp-1022s more active pieces.} (26. g4 $16) 26... Nc6 $1 $14 27. Bd2 Ne4 28. Be1 a5 $1 29. Nd5 Rd7 30. b5 $36 {[%emt 0:00:45][%mdl 2048] White fights for an advantage.} Nd4 31. c6 bxc6 32. bxc6 Nxc6 (32... Ra7 $1 $14) 33. Bb5 $16 Nd4 34. Nc7+ $18 Kd8 {[%emt 0:01:30] [#]} 35. Ne6+ Nxe6 36. Bxa5+ Ke8 37. Bxd7+ {[%emt 0:00:20] This bishop pair is nice.} Kf7 38. Re1 N6c5 {[%emt 0:02:08] [#]} 39. Kc2 $1 Nxd7 40. Rxe4 {[%emt 0:00:09][%mdl 4096] Endgame KRB-KBN} Nf6 41. Re2 Nd5 42. g3 h5 43. Bd2 Bf6 44. Kd3 Nc7 45. Ke4 Ne6 46. Be3 Ng7 47. g4 Ne6 48. Rc2 {[%emt 0:02:44] Prevents Bc3.} Ng7 49. Bd4 hxg4 $2 (49... Ne8 50. Be5 Bh4) 50. Bxf6 Kxf6 51. hxg4 {[%emt 0:01:39] KR-KN} Ne8 52. Rc6+ Kf7 53. Ke5 Ng7 54. f5 $2 (54. Ra6 {mates} Ne8 55. Rc6 Ng7 56. Rb6 Ne8 57. Re6 Ng7 58. Rc6 Ne8 59. f5 gxf5 60. Kxf5) 54... gxf5 55. g5 ({White has to play} 55. gxf5 $18 {Threatens to win with Rh6.} Nh5 56. Rg6) 55... e6 $11 {[%emt 0:00:53] The position is equal.} 56. Rc7+ Kg6 57. Rc1 Nh5 58. Rg1 Ng7 59. Rf1 Nh5 60. Kxe6 f4 61. Rg1 Ng3 62. Ke5 {[%emt 0:00:18] White really could win this.  Weighted Error Value: White=0.36/Black=0.47} 1/2-1/2

[Event "Slovakian-ch Youth 2022"]
[Site "Lubovna"]
[Date "2022.05.24"]
[Round "5.4"]
[White "Visvader, Kristof"]
[Black "Vargosko, Juraj"]
[Result "0-1"]
[ECO "D51"]
[WhiteElo "1607"]
[BlackElo "1640"]
[Annotator "NA RC COMBH"]
[PlyCount "50"]
[EventDate "2022.05.22"]
[EventCountry "SVK"]
[SourceTitle "playchess.com"]
[Source "ChessBase"]
[SourceQuality "1"]
[TimeControl "40/5400+30:1800+30"]

1. d4 Nf6 2. c4 e6 3. Nc3 d5 4. Bg5 c6 5. e3 Nbd7 6. Qc2 Bb4 7. cxd5 exd5 8. Bd3 h6 9. Bh4 O-O 10. Nge2 Re8 11. O-O Nf8 12. Rae1 Bd6 13. Qd2 Bxh2+ 14. Kxh2 Ng4+ 15. Kg3 g5 16. f3 gxh4+ 17. Kh3 Nxe3+ 18. Kh2 Qg5 19. Nf4 Qxf4+ 20. Kg1 h3 21. Rf2 hxg2 22. Rxg2+ Kh8 23. Rh2 Qg3+ 24. Kh1 Qxf3+ 25. Kg1 h5 0-1

[Event "Slovakian-ch Youth 2022"]
[Site "Lubovna"]
[Date "2022.05.24"]
[Round "5.5"]
[White "Nadzamova, Viktoria"]
[Black "Chlpek, Daniel"]
[Result "1/2-1/2"]
[ECO "A37"]
[WhiteElo "2135"]
[BlackElo "2030"]
[Annotator "TA"]
[PlyCount "48"]
[EventDate "2022.05.22"]
[EventCountry "SVK"]
[SourceTitle "playchess.com"]
[Source "ChessBase"]
[SourceQuality "1"]
[TimeControl "40/5400+30:1800+30"]

1. Nf3 c5 2. c4 Nc6 3. g3 g6 4. Bg2 Bg7 5. O-O e5 6. Nc3 Nge7 7. a3 a5 8. d3 d6 9. Ne1 Be6 10. Rb1 O-O 11. Bg5 f6 12. Bd2 Bf7 {[%emt 0:04:08] A37: Symmetrical English vs ...g6: 4 Bg2 Bg7 5 Nf3.} 13. Nc2 d5 14. cxd5 Nxd5 {[%emt 0:02:13] [#] The position is equal.} 15. Ne4 $146 ({Predecessor:} 15. Nxd5 Bxd5 16. Bxd5+ Qxd5 17. Ne3 Qe6 18. Rc1 b6 19. Nc4 Rab8 20. Re1 Rfd8 21. Qb3 {0-1 (32) Dornbusch,T (2249)-Ragger,M (2680) Tornelo INT 2021}) 15... Qe7 16. a4 (16. Rc1 $11) 16... Nc7 17. Na3 Rfd8 18. b3 Nd5 19. Nc4 b6 20. f4 h6 (20... exf4 $15 {is superior.} 21. gxf4 f5) 21. Nc3 $11 {[%emt 0:04:52] [#] Hoping for Bxd5.} Rab8 22. fxe5 Nxe5 23. Nxe5 fxe5 ({But not} 23... Qxe5 24. Nxd5 Bxd5 25. Bf4 $16) 24. Ne4 Be6 {[%emt 0:02:01] Weighted Error Value: White=0.14 (very precise) /Black=0.13 (very precise)} 1/2-1/2

[Event "Slovakian-ch Youth 2022"]
[Site "Lubovna"]
[Date "2022.05.24"]
[Round "5.5"]
[White "Pongo, Aron"]
[Black "Gollner, Martin"]
[Result "0-1"]
[ECO "A59"]
[WhiteElo "1566"]
[BlackElo "1585"]
[Annotator "NA RC COMBH"]
[PlyCount "37"]
[EventDate "2022.05.22"]
[EventCountry "SVK"]
[SourceTitle "playchess.com"]
[Source "ChessBase"]
[SourceQuality "1"]
[TimeControl "40/5400+30:1800+30"]

1. d4 Nf6 2. c4 c5 3. d5 b5 4. cxb5 a6 5. bxa6 Bxa6 6. Nc3 d6 7. e4 Bxf1 8. Kxf1 g6 9. g3 Bg7 10. Kg2 O-O 11. Nf3 Nbd7 12. a4 Qa5 13. Qc2 Rfb8 14. Bd2 Qb4 15. Nb5 Qxe4 16. Qxe4 Nxe4 17. Bc3 Nxc3 18. bxc3 Nb6 19. a5 0-1

[Event "Slovakian-ch Youth 2022"]
[Site "Lubovna"]
[Date "2022.05.24"]
[Round "5.6"]
[White "Zdrazil, Patrik"]
[Black "Vadila, Ondrej"]
[Result "1/2-1/2"]
[ECO "D27"]
[WhiteElo "1997"]
[BlackElo "2082"]
[Annotator "TA"]
[PlyCount "51"]
[EventDate "2022.05.22"]
[EventCountry "SVK"]
[SourceTitle "playchess.com"]
[Source "ChessBase"]
[SourceQuality "1"]
[TimeControl "40/5400+30:1800+30"]

1. e4 c5 2. Nf3 a6 3. c3 d5 4. exd5 Qxd5 5. d4 e6 6. Be2 Nf6 7. O-O cxd4 8. cxd4 Be7 9. Nc3 Qd8 10. Re1 Nc6 11. a3 O-O 12. Bd3 b5 {[%emt 0:12:12] D27: Queen's Gambit Accepted: Classical main line: 7 e4!? and 7 a4.} 13. b4 Bb7 14. Bb2 Qb6 {[%emt 0:20:14] Black has an edge.} 15. Qd2 {[%emt 0:14:40] [#]} ({Better is} 15. Qc2 $11) 15... Rad8 $146 (15... a5 $15) ({Predecessor:} 15... Rfd8 16. Rad1 a5 17. bxa5 Rxa5 18. Ne4 Nxe4 19. Rxe4 b4 20. Rg4 bxa3 {1-0 (37) Menvielle Laccourreye,A (2240)-Cuadras Avellana,J (2200) Las Palmas 1983}) 16. Rad1 Rfe8 17. Qc2 Rc8 ({Don't do} 17... Nxd4 18. Nxd4 Qxd4 19. Bxh7+ $1 Nxh7 20. Rxd4 Rxd4 21. h3 $16 (21. Nxb5 Rg4 $11)) 18. Qe2 (18. Qb1 {with more complications.} Nb8 19. Ng5 h6 20. Nxf7 Kxf7 21. Bg6+) 18... a5 19. bxa5 ({But not} 19. Bxb5 axb4 20. axb4 Bxb4 $15) (19. d5 {keeps more tension.} exd5 20. Nxd5 Nxd5 21. Qe4) 19... Nxa5 20. Bxb5 Bxf3 (20... Bc6 $14) 21. gxf3 $16 Red8 {[%emt 0:04:53][%cal Oe7a3] [#]} 22. d5 $1 Nxd5 (22... Rd6 $16 {keeps fighting.}) 23. Nxd5 $18 Rxd5 (23... exd5 24. Qxe7 Qxb5) 24. Rxd5 exd5 25. Qxe7 {[%emt 0:00:08][%cal Oe7e8] White wants to mate with Qe8+!} Qxb5 26. Bxg7 $2 {[%emt 0:00:13] Weighted Error Value: White=0.19 (very precise) /Black=0.91} 1/2-1/2

[Event "Slovakian-ch Youth 2022"]
[Site "Lubovna"]
[Date "2022.05.24"]
[Round "5.6"]
[White "Polomsky, Tomas"]
[Black "Hasala, Richard"]
[Result "1-0"]
[ECO "D02"]
[WhiteElo "1467"]
[BlackElo "1318"]
[Annotator "NA COMBH"]
[PlyCount "87"]
[EventDate "2022.05.22"]
[EventCountry "SVK"]
[SourceTitle "playchess.com"]
[Source "ChessBase"]
[SourceQuality "1"]
[TimeControl "40/5400+30:1800+30"]

1. d4 d5 2. Nf3 Bg4 3. Nbd2 e6 4. e3 Bd6 5. Bd3 Nf6 6. Qe2 c6 7. h3 Bh5 8. e4 dxe4 9. Nxe4 Nxe4 10. Bxe4 Be7 11. Be3 Bg6 12. Bxg6 hxg6 13. c3 g5 14. O-O-O Qa5 15. Kb1 Na6 16. Ne5 Qd5 17. Qf3 f6 18. Qxd5 cxd5 19. Nf3 b5 20. Rhe1 Kf7 21. Re2 b4 22. Bd2 bxc3 23. Bxc3 Bd6 24. Bd2 Bb4 25. Rde1 Bxd2 26. Nxd2 Rae8 27. Re3 Rh4 28. Nf3 Rhh8 29. Ra3 Nb4 30. Rxa7+ Re7 31. Rxe7+ Kxe7 32. Re3 Kd6 33. a3 Nc6 34. Kc2 Rc8 35. Rc3 Ra8 36. Kd3 Na5 37. Nd2 Rb8 38. b4 Nc6 39. Nb3 Ne7 40. Rc5 Nf5 41. b5 Ra8 42. Rc6+ Ke7 43. Ra6 Rxa6 44. bxa6 1-0